 Dungeon Crawl Stone Soup version 0.27-a0-906-g0a00ce863d (webtiles) character file.

Game seed: 10141237498984913764

97 spiderkeys the Chopper (level 4, 0/38 HPs)
             Began as a Ghoul Gladiator on Apr 6, 2021.
             Slain by Sigmund
             ... wielding a +2 scythe of freezing
              (5 damage)
             ... on level 3 of the Dungeon.
             The game lasted 00:03:26 (2765 turns).

spiderkeys the Chopper (Ghoul Gladiator)            Turns: 2765, Time: 00:03:26

Health: 0/38       AC:  9    Str: 17    XL:     4   Next: 68%
Magic:  3/3        EV:  7    Int:  4    God:
Gold:   82         SH:  0    Dex: 10    Spells: 3/3 levels left

rFire    + . .     SeeInvis .   a - +0 war axe
rCold    + + .     Faith    .   (no shield)
rNeg     + + +     Spirit   .   e - +0 chain mail
rPois    ∞         Reflect  .   c - +0 helmet
rElec    .         Harm     .   j - scarf {rC+ rF+}
rCorr    .         Rampage  .   (no gloves)
Will     .....                  (no boots)
Stlth    ..........             (no amulet)
HPRegen  0.00/turn              (no ring)
MPRegen  0.08/turn              (no ring)

@: mighty
A: claws 1, cold resistance 1, negative energy resistance 3, inhibited
regeneration, torment resistance 2, unbreathing 1
a: no special abilities


You were on level 3 of the Dungeon.
You visited 1 branch of the dungeon, and saw 3 of its levels.

You collected 82 gold pieces.

Inventory:

Hand Weapons
 a - a +0 war axe (weapon)
Missiles
 d - 3 throwing nets (quivered)
Armour
 c - a +0 helmet (worn)
 e - a +0 chain mail (worn)
 j - a scarf of resistance (worn)
Scrolls
 i - a scroll of amnesia
Potions
 h - 2 potions of curing
 k - a potion of degeneration {unknown}


   Skills:
 + Level 3.0 Fighting
 * Level 3.6 Axes
 - Level 1.7 Throwing
 + Level 1.4 Armour
 + Level 3.2 Dodging


You had 3 spell levels left.
You didn't know any spells.
Your spell library contained the following spells:

 Spells                   Type           Power      Damage    Failure   Level
 Magic Dart               Conj           0%         1d3       100%        1
 Blink                    Tloc           N/A        N/A       100%        2
 Call Imp                 Summ           0%         N/A       100%        2
 Slow                     Hex            0%         N/A       100%        2
 Conjure Flame            Conj/Fire      0%         6-21      100%        3
 Mephitic Cloud           Conj/Pois/Air  0%         N/A       100%        3


Dungeon Overview and Level Annotations

Branches:
Dungeon (3/15)

Altars:
Fedhas

Shops:
D:1 =

Annotations:
D:3 Sigmund


Innate Abilities, Weirdness & Mutations

You thrive by killing the living.
You are immune to poison.
You have sharp fingernails.
Your flesh is cold resistant. (rC+)
You are immune to negative energy. (rN+++)
You do not regenerate when monsters are visible.
You are immune to unholy pain and torment.
You can survive without breathing.


Message History

Sigmund appears from thin air!
Reactivating autopickup.
Sigmund gestures at himself while chanting.
Sigmund flickers and vanishes!
Deactivating autopickup; reactivate with Ctrl-A.
There is a stone staircase leading down here.
The goblin hits you but does no damage.
You see here a ball python corpse.
The goblin hits you but does no damage.
You barely miss the goblin.
The goblin is moderately wounded.
You closely miss the goblin. You hit the goblin.
You kill the goblin!
The goblin hits you but does no damage. The goblin hits you but does no damage.
Something hits you.
You see here a +0 dagger.
You hit the goblin.
The goblin is moderately wounded.
The goblin barely misses you. Something hits you!
The goblin hits you with a +0 dagger.
You hit the goblin.
You kill the goblin!
Sigmund appears from thin air!
Reactivating autopickup.
Sigmund gestures at you while chanting. The puff of flame hits you. You resist.
Sigmund hits you but does no damage.
Sigmund hits you with a +2 scythe of freezing!
* * * LOW HITPOINT WARNING * * *
Sigmund freezes you.
* * * LOW HITPOINT WARNING * * *
You see here a +0 dagger.
You closely miss Sigmund.
Sigmund points at you and mumbles some strange words.
You resist with some effort.
You feel better.
Sigmund hits you with a +2 scythe of freezing!
* * * LOW HITPOINT WARNING * * *
You feel very mighty all of a sudden.
Sigmund hits you with a +2 scythe of freezing.
You die...

. #g####### .# #.#
.# #.####### .#
#...g.g.# .#
#######†# .# #.####
.############..gg#
............####@#
.##########.####@#
....# #.##..)#
.##.# #.##.####
.##.#######.##....#
.##.##......#####.#
....##.###### #.#
.#####.###### #.#
.# #......# #.# >#
######.# ###.#


You could see Sigmund, a hobgoblin and a goblin.

Vanquished Creatures
  An orc wizard (D:3)
  An adder (D:2)
  A worm (D:2)
  2 dart slugs (D:1)
  3 orcs (D:2)
  8 ball pythons
  3 endoplasms
  A giant cockroach (D:2)
  10 goblins
  A hobgoblin (D:1)
  6 jackals
  A quokka (D:2)
  5 bats
  6 frilled lizards
  A kobold (D:3)
  A rat (D:2)
51 creatures vanquished.

Notes
Turn   | Place    | Note
-------+----------+-------------------------------------------
     0 | D:1      | spiderkeys the Ghoul Gladiator began the quest for the Orb.
     0 | D:1      | Reached XP level 1. HP: 17/17 MP: 0/0
   291 | D:1      | Reached XP level 2. HP: 7/25 MP: 1/1
   852 | D:1      | Reached XP level 3. HP: 25/30 MP: 2/2
   917 | D:1      | Found a faded altar of an unknown god.
   935 | D:1      | Found Ymeedu's Jewellery Shoppe.
  1311 | D:2      | Reached skill level 1 in Armour
  2006 | D:2      | Found a blossoming altar of Fedhas.
  2276 | D:2      | Reached XP level 4. HP: 13/37 MP: 3/3
  2701 | D:3      | Noticed Sigmund
  2765 | D:3      | Slain by Sigmund

Illustrated notes

Levels and vault maps discovered:
D:1:      minmay_arrival_loop, layout_basic, chequers_ecumenical_altar_island,
          serial_shops, nicolae_shop_crystal
D:2:      layout_basic, basic_altar
D:3:      layout_basic, uniq_sigmund, uniq_robin

Skill      XL: |  1  2  3  4 |
---------------+-------------+-----
Axes           | 3 |  3.6
Armour         | 1 |  1.4
Dodging        | 3 |  3.2
Fighting       | 3 |  3.0
Throwing       | |  1.7

Action                   |  1- 3 |  4- 6 || total
-------------------------+-------+-------++-------
Melee: War axe           |   131 |    49 ||   180
  Use: Scroll            |     5 |       ||     5
       Potion            |     1 |     2 ||     3
Armor: Leather armour    |    57 |       ||    57
       Chain mail        |       |    37 ||    37
Dodge: Dodged            |   135 |    27 ||   162

Table legend: (Time is in decaauts)
 A = Elapsed time spent in this place.
 B = Non-inter-level travel time spent in this place.
 C = Inter-level travel time spent in this place.
 D = Time resting spent in this place.
 E = Time spent auto-exploring this place.
 F = Levels seen in this place.
 G = Mean time per level.
                   A        B        C        D        E       F      G
               +--------+--------+--------+--------+--------+-----+--------+
         Total |   2828 |   2652 |    176 |    489 |   1716 |   3 |  942.7 |
       Dungeon |   2828 |   2652 |    176 |    489 |   1716 |   3 |  942.7 |
               +--------+--------+--------+--------+--------+-----+--------+

Top non-repeatable levels by time:
     D:1: 1312 daAuts
     D:2: 1265 daAuts
     D:3: 250 daAuts
